 Dungeon Crawl Stone Soup version 0.24-a0-375-g4de66ed42b (webtiles) character file.

Game seed: 479449738279728177

263 Elric the Chopper (level 6, -3/55 HPs)
             Began as a Hill Orc Fighter on May 31, 2019.
             Killed from afar by an orc wizard (7 damage)
             ... with a magic dart
             ... on level 2 of the Dungeon.
             The game lasted 00:03:31 (2362 turns).

Elric the Chopper (Hill Orc Fighter)                Turns: 2362, Time: 00:03:32

Health: -3/55      AC:  7    Str: 19    XL:     6   Next: 19%
Magic:  6/6        EV: 12    Int:  8    God:
Gold:   37         SH: 10    Dex: 17    Spells: 5/5 levels left

rFire    . . .     SeeInvis .   a - +0 war axe
rCold    . . .     Gourm    +   c - +0 shield
rNeg     . . .     Faith    .   b - +0 scale mail
rPois    .         Spirit   .   (no helmet)
rElec    .         Reflect  .   (no cloak)
rCorr    .         Harm     .   (no gloves)
MR       .....                  (no boots)
Stlth    +.........             k - amulet of the gourmand
HPRegen  0.18/turn              (no ring)
MPRegen  0.10/turn              (no ring)

@: agile
A: no striking features
a: no special abilities


You were on level 2 of the Dungeon.
You were not hungry.

You visited 1 branch of the dungeon, and saw 3 of its levels.

You collected 37 gold pieces.

Inventory:

Hand Weapons
 a - a +0 war axe (weapon)
Armour
 b - a +0 scale mail (worn)
 c - a +0 shield (worn)
Jewellery
 k - an amulet of the gourmand (around neck)
Scrolls
 e - 2 scrolls of identify
 g - a scroll of teleportation {unknown}
 h - a scroll of fear {unknown}
 i - 2 scrolls of noise {unknown}
 m - a scroll of amnesia {unknown}
Comestibles
 f - 5 rations


   Skills:
 + Level 4.8 Fighting
 * Level 5.6 Axes
 + Level 4.4 Armour
 + Level 4.4 Shields


You had 5 spell levels left.
You didn't know any spells.
Your spell library was empty.

Dungeon Overview and Level Annotations

Branches:
Dungeon (3/15)

Altars:
Ru

Annotations:
D:3 3 runed translucent doors, Zenobius's ghost, amateur DsAs


Message History

The puff of flame misses you.
You're too confused to move!
You feel less confused.
You hear some strange, mumbled words.
Something tries to affect you, but you resist.
The orc wizard mumbles some strange words.
The orc wizard blinks!
There is a stone staircase leading up here.
You block something's attack.
You climb upwards.
Reactivating autopickup.
There is a stone staircase leading down here.
Deactivating autopickup; reactivate with Ctrl-A.
You miss something. Something hits you but does no damage.
You hit something. Something hits you but does no damage.
You hit something but do no damage.
You hear some strange, mumbled words.
A magic dart appears from out of thin air!
The magic dart hits you!
You die...

##.# ##### #.#
####...##### #.#
#......>.... #.#
#.##..#####. #.#
#.##..# #.
#.######.##.## #.
#.#...##.##.# #.
#..###.#.##.# #.
#.@# #......# #.
#.{###.#.##.######.
#.#...##.....<.)...
#.##.######....)...
#)##.# #.#######
#.##.# #.# #
##.##.# #.# #
#..##.# #.# #
#.###.# #.#######


There were no monsters in sight!

Vanquished Creatures
  A hound (D:2)
  Crazy Yiuf (D:2)
  An orc wizard (D:2)
  Natasha (thrice) (D:2)
  3 gnolls
  2 adders (D:2)
  An ooze (D:1)
  A worm (D:2)
  4 dart slugs
  A leopard gecko (D:1)
  An orc (D:3)
  6 bats
  A giant cockroach (D:1)
  4 goblins
  5 hobgoblins
  A jackal (D:2)
  3 kobolds
  2 frilled lizards (D:2)
  3 rats
44 creatures vanquished.

Notes
Turn   | Place    | Note
-------+----------+-------------------------------------------
     0 | D:1      | Elric the Hill Orc Fighter began the quest for the Orb.
     0 | D:1      | Reached XP level 1. HP: 19/19 MP: 1/1
    21 | D:1      | Reached skill level 3 in Axes
    24 | D:1      | Reached XP level 2. HP: 26/27 MP: 2/2
   626 | D:1      | Reached XP level 3. HP: 33/33 MP: 3/3
   839 | D:2      | Found a sacrificial altar of Ru.
   853 | D:2      | Reached skill level 4 in Axes
   853 | D:2      | Reached XP level 4. HP: 38/40 MP: 4/4
  1034 | D:2      | Reached XP level 5. HP: 43/47 MP: 5/5
  1082 | D:2      | Found a runed translucent door.
  1083 | D:2      | Noticed Crazy Yiuf
  1106 | D:2      | Noticed Natasha
  1122 | D:2      | Killed Natasha
  1461 | D:2      | Reached skill level 5 in Axes
  1498 | D:2      | Noticed Natasha
  1505 | D:2      | Killed Natasha
  1550 | D:2      | Noticed Natasha
  1740 | D:2      | Killed Natasha
  1835 | D:2      | Reached XP level 6. HP: 24/53 MP: 6/6
  2265 | D:2      | Killed Crazy Yiuf
  2307 | D:3      | Found a runed translucent gate.
  2307 | D:3      | Found a runed translucent gate.
  2307 | D:3      | Found a runed translucent gate.
  2307 | D:3      | Noticed Zenobius's ghost (amateur DsAs)
  2343 | D:3      | HP: 1/55 [orc wizard/puff of flame (12)]
  2362 | D:2      | Killed from afar by an orc wizard

Levels and vault maps discovered:
D:1:      wander_arrival_lonely_grave, layout_basic
D:2:      layout_loops_ring, nicolae_ru_great_annihilating_truth,
          uniq_crazy_yiuf_cottage, uniq_natasha
D:3:      layout_loops_ring, lemuel_doored_altar, gammafunk_ghost_split,
          uniq_grinder, uniq_robin, uniq_sigmund

Skill      XL: |  1  2  3  4  5 |
---------------+----------------+-----
Axes           | 3 4 5 |  5.6
Fighting       | 4 |  4.8
Armour         | 4 |  4.4
Shields        | 4 |  4.4

Action                   |  1- 3 |  4- 6 || total
-------------------------+-------+-------++-------
Melee: War axe           |    54 |   138 ||   192
  Use: Scroll            |       |     1 ||     1
       Potion            |       |     6 ||     6
  Eat: Ration            |       |     2 ||     2
       Chunk             |       |     1 ||     1
Armor: Scale mail        |    25 |    53 ||    78
Dodge: Dodged            |    25 |    60 ||    85
Block: Shield            |    36 |    77 ||   113

Table legend:
 A = Non-vault XP
 B = Vault XP
 C = Vault XP percentage of total XP
 D = Non-vault monster count
 E = Vault monster count
 F = Vault count percentage of total count
                 A         B        C        D         E       F
            +---------+---------+-------+---------+---------+-------
      Total |     256 |     121 |  32.1 |      38 |       6 |  13.6
            +---------+---------+-------+---------+---------+-------
        D:1 |      52 |       0 |   0.0 |      15 |       0 |   0.0
        D:2 |     201 |     121 |  37.6 |      22 |       6 |  21.4
        D:3 |       3 |       0 |   0.0 |       1 |       0 |   0.0
            +---------+---------+-------+---------+---------+-------
